 Dungeon Crawl Stone Soup version 0.30.0-5-g1a98f26d00 (webtiles) character file.

Game seed: 5233715872549182944

2341 voltaire321 the Chopper (level 9, -7/78 HPs)
             Began as a Hill Orc Fighter on May 9, 2023.
             Was an Initiate of the Shining One.
             Mangled by a yak (8 damage)
             ... on level 8 of the Dungeon.
             The game lasted 00:17:01 (6122 turns).

voltaire321 the Chopper (Hill Orc Fighter)          Turns: 6122, Time: 00:17:01

Health: -7/78      AC: 10    Str: 19    XL:     9   Next: 43%
Magic:  13/14      EV: 17    Int: 12    God:    the Shining One [......]
Gold:   132        SH:  5    Dex: 16    Spells: 12/14 levels left

rFire   + . .        a - +0 war axe
rCold   . . .        c - +0 buckler
rNeg    . . .        y - +1 ring mail {rF+}
rPois   .            (no helmet)
rElec   .            (no cloak)
rCorr   .            (no gloves)
SInv    .            z - +2 pair of boots
Will    .....        (no amulet)
Stlth   +            j - +5 ring of evasion
HPRegen 0.33/turn    t - +6 ring of dexterity
MPRegen 0.14/turn

%: no passive effects
@: glowing
A: no striking features
a: Renounce Religion


You were on level 8 of the Dungeon.
You worshipped the Shining One.
The Shining One was noncommittal.
You visited 2 branches of the dungeon, and saw 9 of its levels.

You collected 414 gold pieces.
You spent 282 gold pieces at shops.

Inventory:

Hand Weapons
 a - a +0 war axe (weapon)
 s - the +8 short sword "Edo Xiann" {flame, rF++ Str-3}
   (You found it on level 3 of the Dungeon)

   Str:       It affects your strength (-3).
   rF:        It greatly protects you from fire.
Missiles
 v - 4 curare-tipped darts (quivered)
Armour
 c - a +0 buckler (worn)
 y - a +1 ring mail of fire resistance (worn)
 z - a +2 pair of boots (worn)
Jewellery
 j - a +5 ring of evasion (left hand)
 m - a ring of willpower
 t - a +6 ring of dexterity (right hand)
 w - a +6 ring of dexterity
Wands
 r - a wand of paralysis (13)
 u - a wand of iceblast (12)
Scrolls
 b - a scroll of silence {unknown}
 e - a scroll of amnesia {unknown}
 g - 2 scrolls of enchant armour {unknown}
 i - 3 scrolls of blinking {unknown}
 k - 6 scrolls of teleportation
 l - 8 scrolls of identify {unknown}
 n - 2 scrolls of magic mapping {unknown}
 o - a scroll of immolation {unknown}
 p - a scroll of fear {unknown}
 q - 2 scrolls of noise {unknown}
 A - a scroll of fog {unknown}
Potions
 d - 3 potions of might
 f - 4 potions of curing {unknown}
 h - 2 potions of flight {unknown}
 x - a potion of heal wounds {unknown}


   Skills:
 + Level 6.8 Fighting
 + Level 6.9 Axes
 + Level 6.2 Armour
 + Level 3.9 Dodging
 - Level 5.0 Shields
 + Level 3.3 Spellcasting
 + Level 4.3 Summonings
 + Level 1.2 Invocations


You had 12 spell levels left.
You knew the following spells:

 Your Spells              Type           Power      Damage    Failure   Level
a - Call Imp              Summ           24%        N/A       12%         2

Your spell library contained the following spells:

 Spells                   Type           Power      Damage    Failure   Level
 Magic Dart               Conj           8%         1d3       43%         1
 Summon Guardian Golem    Hex/Summ       7%         N/A       50%         3
 Cigotuvi's Dreadful Rot  Necr/Pois/Air  4%         N/A       56%         2
 Ensorcelled Hibernation  Hex/Ice        4%         N/A       56%         2
 Passwall                 Tmut/Erth      1%         N/A       56%         2
 Searing Ray              Conj           4%         2d4       56%         2
 Ignite Poison            Fire/Tmut/Pois 2%         N/A       80%         3
 Mephitic Cloud           Conj/Pois/Air  2%         N/A       80%         3
 Swiftness                Air            2%         N/A       80%         3
 Fulminant Prism          Conj/Hex       1%         3d5       99%         4
 Leda's Liquefaction      Hex/Erth       1%         N/A       99%         4
 Freezing Cloud           Conj/Ice/Air   1%         6-21      100%        5
 Lee's Rapid Deconstruct  Erth           1%         3d4*      100%        5
 Statue Form              Tmut/Erth      1%         N/A       100%        6
 Orb of Destruction       Conj           1%         9d5       100%        7
 Spellforged Servitor     Conj/Summ      3%         N/A       100%        7


Dungeon Overview and Level Annotations

Branches:
Dungeon (8/15)             Temple (1/1) D:5
   Lair: D:8-11

Altars:
Ashenzari
Cheibriados
Dithmenos
Elyvilon
Fedhas
Gozag
Hepliaklqana
Kikubaaqudgha
Nemelex Xobeh
Ru
Sif Muna
Trog
Uskayaw
Vehumet
Wu Jian
Xom
Yredelemnul
Zin
The Shining One
Ignis

Shops:
D:5 (   D:6 **:[:

Annotations:
D:4 Pargi
D:5 3 runed translucent doors, Inken's ghost, novice GnFi
D:6 2 runed translucent doors


Message History

The kobold is severely wounded.
You completely miss the yak. x2; The kobold misses you.
You block the yak's attack. The yak gores you.
A kobold comes into view. It is wielding a +0 club.
You closely miss the kobold.
The kobold is severely wounded.
You slash the yak!
You kill the yak!
You barely miss the yak. The kobold hits you but does no damage.
The yak completely misses you.
You closely miss the kobold.
The kobold is severely wounded.
You hit the yak. You slash the yak! The kobold misses you. The yak gores you.
* * * LOW HITPOINT WARNING * * *
A sky beast comes into view.
The yak misses you.
You hit the kobold.
You kill the kobold!
You closely miss the yak. You slash the yak!
You kill the yak!
The howler monkey hoots and howls with incredible vigour!
The yak gores you but does no damage.
The sky beast flickers out of sight!
Deactivating autopickup; reactivate with Ctrl-A.
You hear a shout!
Your Invocations skill increases to level 1!
You miss something. You hit the yak. You slash the yak!
You hear a shout!
The yak gores you!
* * * LOW HITPOINT WARNING * * *
You block the yak's attack. Something closely misses you.
You hit something. You slash the yak! You barely miss the yak.
The yak barely misses you. You block the yak's attack. Something hits you.
* * * LOW HITPOINT WARNING * * *
Something shocks you.
* * * LOW HITPOINT WARNING * * *
You block the yak's attack. The yak barely misses you.
Something hits you but does no damage.
You slash something! You hit the yak. You barely miss the yak.
The yak gores you!
You die...

#.......# #..#
#.......# #.##
#.......# #.#
#.......# ######.#
#..?....# #...>..#
+.Yh....# #.######
#.YYY...# #.#
###YYY..# #.#
#@#+#.####.#######
#)# #.............
.K# #.#####.######
#### #.# #.# #.#
###.######
....#.........
#.#<#..#######
#.#....#
##......##


You could see 7 yaks, a howler monkey and a kobold.

Vanquished Creatures
  2 yaks (D:8)
  A steam dragon (D:7)
  A black bear (D:7)
  An ice beast (D:5)
  3 sky beasts
  A centaur (D:6)
  An ogre (D:7)
  2 kobold brigands (D:7)
  A gnoll sergeant (D:6)
  A bullfrog (D:7)
  5 scorpions
  5 killer bees (D:8)
  2 hounds
  2 gnoll boudas (D:7)
  2 jellies (D:5)
  An iguana (D:4)
  An orc wizard (D:8)
  A sleepcap (D:5)
  A mummy (D:7)
  12 gnolls
  9 adders
  A shadow imp (D:5)
  A white imp (D:5)
  An ufetubus (D:5)
  A worm (D:2)
  2 dart slugs
  8 orcs
  3 ball pythons
  4 bats
  4 endoplasms
  3 giant cockroaches (D:2)
  8 goblins
  3 hobgoblins
  3 jackals (D:1)
  17 kobolds
  2 quokkas
  2 frilled lizards
  3 rats (D:1)
121 creatures vanquished.

Notes
Turn   | Place    | Note
-------+----------+-------------------------------------------
     0 | D:1      | voltaire321 the Hill Orc Fighter began the quest for the
                  | Orb.
     0 | D:1      | Reached XP level 1. HP: 19/19 MP: 1/1
    42 | D:1      | Reached XP level 2. HP: 26/27 MP: 2/2
   141 | D:1      | You fall into a shaft and drop 1 floor!
   152 | D:1      | Found a faded altar of an unknown god.
   242 | D:1      | Reached XP level 3. HP: 33/33 MP: 3/3
   568 | D:1      | Learned a level 2 spell: Call Imp
   705 | D:2      | Reached skill level 1 in Dodging
   705 | D:2      | Reached XP level 4. HP: 40/40 MP: 4/4
  1409 | D:3      | Reached XP level 5. HP: 46/46 MP: 5/5
  1538 | D:3      | Identified the +8 short sword "Edo Xiann" {flame, rF++
                  | Str-3}
  1932 | D:4      | Reached skill level 1 in Summonings
  2096 | D:4      | Reached skill level 1 in Spellcasting
  2205 | D:4      | Reached XP level 6. HP: 53/53 MP: 7/7
  2359 | D:4      | Found a radiant altar of Vehumet.
  2438 | D:4      | Noticed Pargi
  2481 | D:5      | Entered Level 5 of the Dungeon
  2562 | D:5      | Found a staircase to the Ecumenical Temple.
  2588 | Temple   | Entered the Ecumenical Temple
  2864 | D:5      | Found a runed translucent gate.
  2864 | D:5      | Found a runed translucent gate.
  2864 | D:5      | Found a runed translucent gate.
  2865 | D:5      | Found an opulent altar of Gozag.
  2866 | D:5      | Noticed Inken's ghost (novice GnFi)
  2866 | D:5      | Noticed a yak
  2892 | D:5      | Found Lutzo's Antique Weapon Boutique.
  2892 | D:5      | Noticed an ice beast
  3086 | D:5      | Reached XP level 7. HP: 38/60 MP: 9/9
  3250 | D:5      | Reached skill level 5 in Fighting
  3644 | D:6      | Found Fubyod's Book Shop.
  3647 | D:6      | Found Ediugunk's Armour Shop.
  3648 | D:6      | Found Cokeawn's Assorted Antiques.
  3649 | D:6      | Found Qooc's General Store.
  3660 | D:6      | Reached skill level 5 in Axes
  3660 | D:6      | Reached XP level 8. HP: 67/68 MP: 9/11
  3683 | D:6      | Bought a +1 ring mail of fire resistance for 240 gold
                  | pieces
  3702 | D:6      | Bought a scroll of teleportation for 42 gold pieces
  3716 | D:6      | Reached skill level 5 in Shields
  3817 | D:6      | Found a large runed translucent door.
  3817 | D:6      | Found a large runed translucent door.
  3821 | D:6      | Found a shimmering altar of Xom.
  3867 | D:6      | Found Notoy's Self-Improvement Boutique.
  3912 | D:6      | Reached skill level 5 in Armour
  4611 | D:7      | Found an opulent altar of Gozag.
  5438 | D:7      | Found a snail-covered altar of Cheibriados.
  5491 | D:7      | Reached XP level 9. HP: 66/78 MP: 13/13
  5614 | D:7      | Found a glowing silver altar of Zin.
  5615 | D:7      | Found a white marble altar of Elyvilon.
  5616 | D:7      | Found a glowing golden altar of the Shining One.
  5690 | D:7      | Became a worshipper of the Shining One
  6120 | D:8      | Reached skill level 1 in Invocations
  6121 | D:8      | HP: 1/78 [something (6)]
  6122 | D:8      | Mangled by a yak

Illustrated notes

Levels and vault maps discovered:
D:1:      mrwooster_arrival_statue_3, layout_loops_ring,
          ebering_ecumenical_altar_webs
D:2:      layout_rooms
D:3:      layout_rooms, amcnicky_mini_corridor_feature
D:4:      layout_basic, nicolae_overflow_hidden_temple, uniq_pargi
D:5:      layout_loops_ring, minmay_temple_entry_stoned_glass,
          ebering_ghost_gozag, kennysheep_path_1, kennysheep_windowed_goal
D:6:      due_chaos_kobolds, layout_gridville, minmay_shop_grid_forest,
          nicolae_shop_self_help
D:7:      layout_basic, good_gods_temple_1, slow_altar_1,
          mainiacjoe_overflow_cross_hatched, grunt_ministairs_11
D:8:      layout_basic, serial_aquarium, aquarium_bridge_island_small
          [aquarium_subvault_small_water, aquarium_subvault_bridge,
          aquarium_subvault_bridge, aquarium_subvault_balcony,
          aquarium_subvault_bridge], aquarium_window_1, aquarium_window_fake,
          aquarium_view_2c, aquarium_view_2c, aquarium_balcony_double_1,
          minmay_misc_feat_rugged
Temple:   pdpol_scorched_temple

Skill      XL: |  1  2  3  4  5  6  7  8  9 |
---------------+----------------------------+-----
Axes           | 3 4 5 6 |  6.9
Fighting       | 4 5 6 |  6.8
Dodging        | 1 2 3 |  3.9
Armour         | 4 5 6 |  6.2
Shields        | 4 5 |  5.0
Summonings     | 1 2 3 4 |  4.3
Spellcasting   | 1 2 3 |  3.3
Invocations    | 1 |  1.2

Action                     |  1- 3 |  4- 6 |  7- 9 || total
---------------------------+-------+-------+-------++-------
  Melee: War axe           |    88 |   143 |   209 ||   440
         Short sword       |       |     7 |       ||     7
  Throw: Dart              |       |     1 |     7 ||     8
 Armour: Scale mail        |    37 |    56 |    14 ||   107
         Ring mail         |       |       |    80 ||    80
  Dodge: Dodged            |    58 |   125 |   200 ||   383
  Block: Buckler           |    21 |    39 |    86 ||   146
